 Dungeon Crawl Stone Soup version 0.28-a0-309-gf6d37e6e1d (webtiles) character file.

Game seed: 13950253720272596747

2303 McIrco the Slicer (level 9, -4/84 HPs)
             Began as a Kobold Berserker on Aug 30, 2021.
             Was a Priest of Trog.
             Splashed by a jelly's acid (5 damage)
             ... on level 7 of the Dungeon.
             The game lasted 00:06:59 (8602 turns).

McIrco the Slicer (Kobold Berserker)                Turns: 8602, Time: 00:06:59

Health: -4/84      AC:  8    Str: 17    XL:     9   Next: 67%
Magic:  9/9        EV:  3    Int:  8    God:    Trog [***...]
Gold:   205        SH:  5    Dex: 15    Spells: 8/8 levels left

rFire   . . .      SeeInvis .   a - +0 short sword
rCold   . . .      Faith    .   (shield restricted)
rNeg    + + +      Spirit   .   (armour currently unavailable)
rPois   +          Reflect  +   (helmet currently unavailable)
rElec   .          Harm     .   (cloak currently unavailable)
rCorr   .          Rampage  .   (gloves currently unavailable)
Will    .....      NoTele   +   (boots currently unavailable)
Stlth   ++........              g - amulet of reflection
HPRegen 0.24/turn               A - +4 ring of evasion
MPRegen 0.11/turn               s - +4 ring of protection

@: tree-form, corroded, on berserk cooldown, slowed, very slow
A: stationary, stasis, torment immunity, boosted hp, small, no large weapons,
nightstalker 3
a: Renounce Religion, Berserk, Trog's Hand


You were on level 7 of the Dungeon.
You worshipped Trog.
Trog was most pleased with you.
You were a tree.
You visited 1 branch of the dungeon, and saw 7 of its levels.

You collected 251 gold pieces.
You spent 46 gold pieces at shops.

Inventory:

Hand Weapons
 a - a +0 short sword (weapon)
Missiles
 y - a throwing net (quivered)
Armour
 b - a +0 animal skin (melded)
 l - a +2 cloak (melded)
 C - a +0 helmet (melded)
Jewellery
 g - an amulet of reflection (around neck)
 s - a +4 ring of protection (right branch)
 A - a +4 ring of evasion (left branch)
Wands
 p - a wand of polymorph (15)
 w - a wand of acid (7)
 z - a wand of iceblast (8)
Scrolls
 c - 4 scrolls of amnesia {unknown}
 e - 2 scrolls of torment {unknown}
 i - 3 scrolls of fog {unknown}
 j - 7 scrolls of identify {unknown}
 m - 4 scrolls of teleportation {unknown}
 n - 3 scrolls of magic mapping {unknown}
 o - 3 scrolls of enchant armour {unknown}
 q - a scroll of immolation {unknown}
 t - 2 scrolls of enchant weapon {unknown}
 v - a scroll of summoning {unknown}
Potions
 d - a potion of haste {unknown}
 f - 2 potions of lignification
 h - 4 potions of heal wounds {unknown}
 k - 5 potions of curing {unknown}
 r - 2 potions of degeneration {unknown}
 u - 2 potions of brilliance {unknown}
 x - 2 potions of might {unknown}
 B - 2 potions of flight {unknown}


   Skills:
 + Level 6.6 Fighting
 + Level 11.5 Short Blades
 + Level 1.8 Armour
 + Level 8.9 Dodging


You had 8 spell levels left.
You didn't know any spells.
Your spell library was empty.

Dungeon Overview and Level Annotations

Branches:
Dungeon (7/15)             Temple (0/1) D:6

Altars:
Fedhas
Kikubaaqudgha
Makhleb
Sif Muna
Vehumet
Xom

Shops:
D:7 *


Innate Abilities, Weirdness & Mutations

You are a tree.
Your roots penetrate the ground, keeping you stationary.
You cannot be teleported.
You are immune to unholy pain and torment.
Your maximum health is greatly increased.
Your equipment is partially melded.
You are small and have problems with some larger weapons.
You are completely attuned to the shadows.


Message History

The jelly closely misses you.
You hit the jelly.
Your hands burn!
The jelly is severely wounded.
The jelly misses you.
You hit the jelly. The acid corrodes you!
Your hands burn!
The jelly is severely wounded.
Unknown command.
You are too injured to fight recklessly!
You are too injured to fight recklessly!
You are too injured to fight recklessly!
You are too injured to fight recklessly!
You hit the jelly but do no damage.
Your hands burn!
The jelly is severely wounded.
The jelly closely misses you.
You hit the jelly.
Your hands burn!
The jelly is severely wounded.
You block the jelly's attack.
You hit the jelly but do no damage.
Your hands burn!
The jelly is severely wounded.
The jelly hits you. The acid corrodes you!
You are splashed with acid!
* * * LOW HITPOINT WARNING * * *
You're still recovering from your berserk rage.
You hit the jelly but do no damage.
Your hands burn!
* * * LOW HITPOINT WARNING * * *
The jelly is severely wounded.
Okay, then.
Unknown command.
It was a potion of lignification.
You turn into a tree.
Your +2 cloak melds into your body.
Your +0 helmet melds into your body.
Your +0 animal skin melds into your body.
Your roots penetrate the ground.
The jelly hits you.
* * * LOW HITPOINT WARNING * * *
The acid corrodes you!
You are splashed with acid.
* * * LOW HITPOINT WARNING * * *
The jelly barely misses you.
Unknown command.
Unknown command.
Unknown command.
You hit the jelly but do no damage. The acid corrodes you!
Your branches burn!
You die...

### #.####### #...♣J...
#.################### #.#
#...<.........# #.#
#.##.########:# ####'###
#.##........#.# ##......#
#.#########.#.# #.......#
#...........#.#
##.PP....###########......
#..P∩P...........###.###.#


You could see a jelly.

Vanquished Creatures
  A gargoyle (D:7)
  A hornet (D:7)
  A wyvern (D:6)
  A sky beast (D:7)
  2 necrophages
  An ogre (D:5)
  3 centaurs
  A kobold brigand (D:7)
  A bullfrog (D:7)
  A scorpion (D:6)
  A water moccasin skeleton (D:6)
  8 wights
  A crimson imp (D:6)
  4 hounds
  2 jellies
  A gnoll shaman (D:5)
  A centaur skeleton (D:7)
  2 iguanas
  A hound skeleton (D:4)
  2 gnolls (D:5)
  10 adders
  2 white imps
  An ufetubus (D:5)
  An adder skeleton (D:4)
  A worm (D:3)
  3 dart slugs
  4 orcs
  4 bats
  5 endoplasms
  3 giant cockroaches (D:3)
  A goblin (D:3)
  4 hobgoblins
  7 jackals
  10 kobolds
  4 quokkas
  3 ball pythons
  3 frilled lizards
  3 rats
105 creatures vanquished.

Notes
Turn   | Place    | Note
-------+----------+-------------------------------------------
     0 | D:1      | McIrco the Kobold Berserker began the quest for the Orb.
     0 | D:1      | Reached XP level 1. HP: 14/14 MP: 1/1
   595 | D:1      | Reached XP level 2. HP: 15/19 MP: 2/2
  1413 | D:2      | Reached XP level 3. HP: 21/23 MP: 3/3
  2435 | D:3      | Reached XP level 4. HP: 15/29 MP: 4/4
  2809 | D:3      | Reached skill level 5 in Short Blades
  2983 | D:3      | Found an ancient bone altar of Kikubaaqudgha.
  2985 | D:3      | Found a radiant altar of Vehumet.
  2985 | D:3      | Found a shimmering blue altar of Sif Muna.
  3028 | D:3      | Found a faded altar of an unknown god.
  4135 | D:4      | Reached XP level 5. HP: 33/33 MP: 5/5
  4739 | D:4      | Reached skill level 6 in Short Blades
  5033 | D:5      | Entered Level 5 of the Dungeon
  5033 | D:5      | Noticed an ogre
  5039 | D:5      | Killed an ogre
  5040 | D:5      | Reached XP level 6. HP: 24/39 MP: 6/6
  5105 | D:5      | Reached skill level 7 in Short Blades
  5106 | D:5      | Reached ** piety under Trog
  5429 | D:5      | Reached XP level 7. HP: 31/44 MP: 7/7
  5443 | D:5      | Reached skill level 5 in Dodging
  5870 | D:5      | Found a blossoming altar of Fedhas.
  5893 | D:5      | HP: 1/66 [centaur (5)]
  5895 | D:5      | Reached skill level 8 in Short Blades
  6494 | D:6      | Reached skill level 5 in Fighting
  6507 | D:6      | Reached XP level 8. HP: 49/49 MP: 8/8
  6604 | D:6      | Reached skill level 9 in Short Blades
  6745 | D:6      | Noticed a wyvern
  6746 | D:6      | Found a staircase to the Ecumenical Temple.
  6759 | D:6      | Killed a wyvern
  7343 | D:6      | Reached skill level 10 in Short Blades
  7555 | D:6      | Found a burning altar of Makhleb.
  7796 | D:6      | Found a shimmering altar of Xom.
  7988 | D:7      | Noticed a gargoyle
  7999 | D:7      | Killed a gargoyle
  8000 | D:7      | Reached XP level 9. HP: 55/55 MP: 9/9
  8158 | D:7      | Reached skill level 11 in Short Blades
  8332 | D:7      | Reached *** piety under Trog
  8553 | D:7      | Found Taut's Assorted Antiques.
  8555 | D:7      | Noticed a hornet
  8568 | D:7      | Killed a hornet
  8577 | D:7      | Bought a scroll labelled DUNTIT COAR for 16 gold pieces
  8577 | D:7      | Bought a scroll labelled LIKHLU HENKUOM for 16 gold pieces
  8577 | D:7      | Bought a sedimented yellow potion for 14 gold pieces
  8601 | D:7      | HP: 1/84 [acid (5)]
  8602 | D:7      | Splashed by a jelly's acid

Illustrated notes

Levels and vault maps discovered:
D:1:      dpeg_arrival_rooms_c, layout_loops_corners, hangedman_decor_points,
          ebering_dispersal_statue_hall
D:2:      layout_basic, st_stairs_3, hangedman_abyss_or_decor_lesser_grid
D:3:      layout_basic, grunt_temple_overflow_magic_moments,
          chequers_ecumenical_altar_grove, kennysheep_generic_room_9
D:4:      minmay_spotlight, layout_cave_pods
D:5:      layout_rooms, fedhas_bush_and_centaur_altar,
          hangedman_abyss_or_decor_stabs, saegor_snake_ambush
D:6:      layout_loops_ring, makhleb_grotto_becter,
          lemuel_coloured_pillars_altar, minmay_temple_entry_junction_2,
          minmay_crystal_water
D:7:      layout_basic, serial_shops, nicolae_shop_overgrown_old_shop,
          minivault_25

Skill      XL: |  1  2  3  4  5  6  7  8  9 |
---------------+----------------------------+-----
Dodging        | 3 4 5 7 8 |  8.9
Short Blades   | 5 6 7 8 10 11 | 11.5
Fighting       | 4 5 6 |  6.6
Armour         | |  1.8

Action                   |  1- 3 |  4- 6 |  7- 9 || total
-------------------------+-------+-------+-------++-------
Melee: Short sword       |   100 |   167 |   317 ||   584
Invok: Berserk           |     2 |     2 |    10 ||    14
  Use: Potion            |       |       |     1 ||     1
 Stab: Sleeping          |    11 |     6 |     6 ||    23
Armor: Animal skin       |    20 |    27 |    29 ||    76
Dodge: Dodged            |    53 |   107 |   179 ||   339
Block: Other             |       |    21 |    48 ||    69
       Reflection        |       |     2 |     2 ||     4

Table legend: (Time is in decaauts)
 A = Elapsed time spent in this place.
 B = Non-inter-level travel time spent in this place.
 C = Inter-level travel time spent in this place.
 D = Time resting spent in this place.
 E = Time spent auto-exploring this place.
 F = Levels seen in this place.
 G = Mean time per level.
                   A        B        C        D        E       F      G
               +--------+--------+--------+--------+--------+-----+--------+
         Total |   8577 |   8341 |    236 |   1391 |   6146 |   7 | 1225.3 |
       Dungeon |   8577 |   8341 |    236 |   1391 |   6146 |   7 | 1225.3 |
               +--------+--------+--------+--------+--------+-----+--------+

Top non-repeatable levels by time:
     D:3: 1788 daAuts
     D:6: 1594 daAuts
     D:1: 1376 daAuts
     D:5: 1356 daAuts
     D:4: 981 daAuts
     D:2: 880 daAuts
     D:7: 599 daAuts
